 Dungeon Crawl Stone Soup version 0.27-a0-1256-gced786f65e (webtiles) character file.

Game seed: 16419470401677065209

2683 ZappyNine the Insei (level 9, -16/74 HPs)
             Began as a Red Draconian Transmuter on June 10, 2021.
             Demolished by an orc knight (23 damage)
             ... in a bailey on June 11, 2021.
             The game lasted 00:15:28 (8419 turns).

ZappyNine the Insei (Red Draconian Transmuter)      Turns: 8419, Time: 00:15:29

Health: -16/74     AC:  2    Str: 13    XL:     9   Next: 37%
Magic:  5/15       EV: 22    Int: 15    God:
Gold:   363        SH:  0    Dex: 18    Spells: 4/16 levels left

rFire    . . .     SeeInvis .     - Unarmed
rCold    . . .     Faith    .   (shield currently unavailable)
rNeg     . . .     Spirit   .   (armour unavailable)
rPois    x         Reflect  .   (helmet currently unavailable)
rElec    .         Harm     .   (cloak currently unavailable)
rCorr    .         Rampage  .   (gloves currently unavailable)
Will     .....                  (boots currently unavailable)
Stlth    ++........             c - amulet of magic regeneration
HPRegen  0.22/turn              (no ring)
MPRegen  0.39/turn              (no ring)

@: spider-form, wereblooded, very slightly contaminated, hasted, very quick
A: venomous fangs, (breathe fire), AC +7, tiny, unfitting armour, (fire
resistance 1), (cold-blooded)
a: End Transformation


You were in a bailey.
You were a venomous arachnid creature.
You visited 1 branch of the dungeon, and saw 7 of its levels.
You also visited: Bailey.

You collected 363 gold pieces.

Inventory:

Hand Weapons
 o - a +0 halberd of venom
Missiles
 b - 2 boomerangs of dispersal
Armour
 i - a +1 cloak (melded)
Jewellery
 a - a ring of ice
 c - an amulet of magic regeneration (around neck)
Wands
 j - a wand of iceblast (10)
 r - a wand of mindburst (17)
Scrolls
 d - 2 scrolls of identify
 e - 3 scrolls of vulnerability
 f - a scroll of torment
 h - a scroll of enchant armour
 n - a scroll of teleportation
Potions
 g - 2 potions of degeneration
 k - 4 potions of brilliance
 l - 2 potions of lignification


   Skills:
 - Level 5.5 Fighting
 - Level 4.7 Dodging
 - Level 7.7 Unarmed Combat
 - Level 4.0 Spellcasting
 + Level 4.8 Hexes
 - Level 3.6 Transmutations
 - Level 3.0 Poison Magic


You had 4 spell levels left.
You knew the following spells:

 Your Spells              Type           Power      Damage    Failure   Level
a - Beastly Appendage     Tmut           26%        N/A       13%         1
b - Wereblood             Tmut           13%        N/A       17%         2
c - Spider Form           Tmut/Pois      6%         N/A       32%         3
d - Confusing Touch       Hex            17%        N/A       21%         3
e - Tukima's Dance        Hex            17%        N/A       21%         3

Your spell library contained the following spells:

 Spells                   Type           Power      Damage    Failure   Level
 Corona                   Hex            18%        N/A       10%         1
 Ensorcelled Hibernation  Hex/Ice        20%        N/A       24%         2
 Animate Skeleton         Necr           6%         N/A       38%         1
 Pain                     Necr           12%        1d4       38%         1
 Dazzling Flash           Conj/Hex       20%        N/A       41%         3
 Vampiric Draining        Necr           1%         2d6       69%         3
 Ice Form                 Ice/Tmut       8%         N/A       83%         4
 Animate Dead             Necr           1%         N/A       96%         4
 Agony                    Necr           3%         N/A       100%        5


Dungeon Overview and Level Annotations

Branches:
Dungeon (7/15)             Bailey (1/1)
 Temple: D:4-7

Altars:
Elyvilon
Hepliaklqana
Makhleb
Uskayaw

Annotations:
D:6 3 runed translucent doors, Drazool's ghost, novice FoGl; Erudite's ghost, amateur FeSu; mdk's ghost, novice DECj


Innate Abilities, Weirdness & Mutations

You are a venomous arachnid creature.
You have poisonous fangs.
You are tiny and dextrous.
Your spellcasting is less reliable in this form.
Your armour is entirely melded.
You are incapable of wielding weapons or throwing items.
((You can breathe blasts of fire.))
((Your fiery red scales are hard. (AC +7)))
You cannot fit into any form of body armour.
((Your flesh is heat resistant. (rF+)))
((You are cold-blooded and may be slowed by cold attacks.))


Message History

The hobgoblin is almost dead.
The orc no longer looks unusually strong.
You feel a bit better.
You kill the hobgoblin!
The orc hits you with a +0 hand axe!
The orc hits your +0 war axe with a +0 hand axe.
The orc knight misses you.
You hit the orc.
The orc is heavily wounded.
The orc warrior misses you. The orc hits you with a +0 hand axe.
The orc hits your +0 war axe with a +0 hand axe.
Your +0 war axe falls from the air.
Unknown command.
Unknown command.
You bite the orc!
You feel a bit better.
You kill the orc!
The orc knight hits you but does no damage.
The orc warrior closely misses you.
Unknown command.
You bite the orc!
You feel a bit better.
You kill the orc!
The orc knight barely misses you. The orc warrior closely misses you.
Unknown command.
Unknown command.
You bite the orc knight!
The orc knight is poisoned.
The orc knight is lightly wounded.
The orc knight hits you! The orc warrior barely misses you.
The goblin misses you.
Unknown command.
You bite the orc knight!
The orc knight looks even sicker.
The orc knight is moderately wounded.
The orc knight hits you!
* * * LOW HITPOINT WARNING * * *
The orc warrior closely misses you. The goblin hits you with a +0 hand axe.
* * * LOW HITPOINT WARNING * * *
Unknown command.
Unknown command.
Items here: )) [[ ÷.
You feel yourself speed up. The orc knight hits you!!
You die...

### ### ###.### ###.###
###.....### ###.....###
##.........###.........##
#.........)[#)).........#
#........sogog..........#
#.....⌠...))#)....⌠.....#
#...........#...........#
#..)........#...........#
###..)......###.........##
♣♣ ###.#'#.....###
###.....#'#
.♣###.....###.###
###.###.go .##.).......###
### .... .#..)........#
.....


You could see an orc knight (very poisoned), an orc warrior (strong) and 2
goblins.

Vanquished Creatures
  Prince Ribbit (D:5)
  A wyvern (D:7)
  Eustachio (D:5)
  A steam dragon (D:6)
  Menkaure (D:5)
  A water moccasin (D:6)
  3 orc warriors (Bailey)
  Purgy (D:3)
  2 sky beasts
  A necrophage (D:5)
  A phantom (D:6)
  2 centaurs
  A scorpion (D:4)
  3 killer bees (D:7)
  2 orc priests
  3 hounds
  A jelly (D:5)
  A bullfrog skeleton (D:5)
  A gnoll shaman (D:6)
  4 orc wizards
  2 iguanas
  A scorpion zombie (D:5)
  2 hound skeletons (D:5)
  A howler monkey skeleton (D:6)
  11 gnolls
  7 adders
  A white imp (D:6)
  3 dart slugs (D:1)
  25 orcs
  7 ball pythons
  6 bats
  7 endoplasms
  A giant cockroach (D:1)
  22 goblins
  17 hobgoblins
  8 jackals
  3 kobolds
  5 quokkas
  6 frilled lizards
  11 rats
178 creatures vanquished.

Vanquished Creatures (others)
  2 dancing weapons (Bailey)
2 creatures vanquished.

Grand Total: 180 creatures vanquished

Notes
Turn   | Place    | Note
-------+----------+-------------------------------------------
     0 | D:1      | ZappyNine the Draconian Transmuter began the quest for the
                  | Orb.
     0 | D:1      | Reached XP level 1. HP: 16/16 MP: 3/3
   288 | D:1      | Reached XP level 2. HP: 19/23 MP: 5/5
   348 | D:1      | Found a faded altar of an unknown god.
   378 | D:1      | Learned a level 2 spell: Wereblood
   694 | D:1      | Reached XP level 3. HP: 29/29 MP: 2/6
  1248 | D:2      | Found a hazy altar of Hepliaklqana.
  1537 | D:2      | Reached XP level 4. HP: 37/37 MP: 8/8
  1541 | D:2      | Learned a level 3 spell: Spider Form
  1943 | D:3      | Found a hazy altar of Hepliaklqana.
  2318 | D:3      | Noticed Purgy
  2356 | D:3      | Killed Purgy
  2357 | D:3      | Reached skill level 4 in Unarmed Combat
  2357 | D:3      | Reached skill level 1 in Poison Magic
  2357 | D:3      | Reached XP level 5. HP: 29/45 MP: 9/9
  3132 | D:4      | Reached XP level 6. HP: 40/52 MP: 7/10
  3484 | D:4      | Reached skill level 5 in Unarmed Combat
  3510 | D:4      | Found a burning altar of Makhleb.
  3632 | D:4      | Found a hide-covered altar of Uskayaw.
  4238 | D:4      | Your scales start taking on a fiery red colour.
  4238 | D:4      | Reached XP level 7. HP: 44/60 MP: 8/11
  4238 | D:4      | Gained mutation: Your flesh is heat resistant. (rF+) [Red
                  | Draconian growth]
  4334 | D:5      | Entered Level 5 of the Dungeon
  4334 | D:5      | Noticed Eustachio
  4350 | D:5      | Killed Eustachio
  4351 | D:5      | Reached skill level 5 in Fighting
  4439 | D:5      | Noticed Prince Ribbit
  4452 | D:5      | Killed Prince Ribbit
  4453 | D:5      | Reached XP level 8. HP: 57/69 MP: 11/13
  4720 | D:5      | Noticed Menkaure
  4732 | D:5      | Killed Menkaure
  4733 | D:5      | Reached skill level 6 in Unarmed Combat
  5228 | D:5      | Found a white marble altar of Elyvilon.
  6022 | D:6      | Found a runed translucent gate.
  6024 | D:6      | Found a runed translucent gate.
  6025 | D:6      | Found a runed translucent gate.
  6026 | D:6      | Noticed Drazool's ghost (novice FoGl)
  6026 | D:6      | Noticed Erudite's ghost (amateur FeSu)
  6026 | D:6      | Noticed mdk's ghost (novice DECj)
  6058 | D:6      | Reached skill level 7 in Unarmed Combat
  6738 | D:6      | Learned a level 3 spell: Confusing Touch
  7128 | D:6      | Reached skill level 1 in Hexes
  7128 | D:6      | Reached XP level 9. HP: 52/74 MP: 13/15
  7720 | D:7      | Found a flagged portal.
  7761 | Bailey   | Entered a bailey
  7964 | Bailey   | Learned a level 3 spell: Tukima's Dance
  8388 | Bailey   | Noticed an orc knight
  8419 | Bailey   | Demolished by an orc knight

Illustrated notes

Levels and vault maps discovered:
D:1:      scummos_arrival_star, layout_loops_ring,
          shapermc_ecumenical_altar_notcrosses
D:2:      layout_loops_ring, basic_altar, guppyfry_early_orc_mine
D:3:      layout_basic, lemuel_crystal_altar, chequers_serial_rivers_micro_c,
          uniq_purgy
D:4:      layout_basic, lemuel_coloured_pillars_altar,
          makhleb_blood_cavern_becter
D:5:      layout_loops_ring, elyvilon_altar_5, uniq_eustachio,
          uniq_prince_ribbit1, uniq_menkaure
D:6:      layout_basic, gammafunk_ghost_cemetery, chequers_serial_rivers_small_b
D:7:      layout_cave_pools, nicolae_overflow_hidden_temple,
          lemuel_crystal_altar, lemuel_crystal_altar,
          nicolae_gozag_seed_capital, minmay_temple_entry_hall, serial_shops,
          nicolae_shop_crystal, enter_bailey_4, serial_column_ruins,
          column_ruins_hut, column_ruins_open_medium_water,
          column_ruins_columns_dead_end, column_ruins_grid_4,
          column_ruins_grid_3, column_ruins_grid_4, column_ruins_open_tiny,
          wad_mini_maze
Bailey:   bailey_axe_minmay_hex_keep, bailey

Skill      XL: |  1  2  3  4  5  6  7  8  9 |
---------------+----------------------------+-----
Fighting       | 2 3 4 5 |  5.5
Unarmed Combat | 4 5 7 |  7.7
Poison Magic   | 1 2 3 |  3.0
Spellcasting   | 3 4 |  4.0
Transmutations | 3 |  3.6
Dodging        | 4 |  4.7
Hexes          | 1 4 |  4.8

Action                   |  1- 3 |  4- 6 |  7- 9 || total
-------------------------+-------+-------+-------++-------
Melee: Unarmed           |   117 |   203 |   239 ||   559
       Tailslap          |    13 |    13 |     9 ||    35
       Kick              |    14 |     5 |     6 ||    25
       Headbutt          |     5 |     1 |     4 ||    10
       Punch             |     1 |     2 |     2 ||     5
 Cast: Beastly Appendage |    15 |     6 |     4 ||    25
       Wereblood         |     8 |    10 |    14 ||    32
       Spider Form       |       |    10 |    20 ||    30
       Tukima's Dance    |       |       |     6 ||     6
 Abil: Breathe Fire      |       |       |     5 ||     5
  Use: Scroll            |       |       |    15 ||    15
       Potion            |       |       |     3 ||     3
 Stab: Sleeping          |       |     1 |       ||     1
Armor: Skin              |    34 |    44 |    32 ||   110
Dodge: Dodged            |    61 |   135 |   239 ||   435

Table legend: (Time is in decaauts)
 A = Elapsed time spent in this place.
 B = Non-inter-level travel time spent in this place.
 C = Inter-level travel time spent in this place.
 D = Time resting spent in this place.
 E = Time spent auto-exploring this place.
 F = Levels seen in this place.
 G = Mean time per level.
                   A        B        C        D        E       F      G
               +--------+--------+--------+--------+--------+-----+--------+
         Total |   8377 |   8150 |    227 |   2112 |   4736 |   8 | 1047.1 |
       Dungeon |   7727 |   7500 |    227 |   1633 |   4721 |   7 | 1103.9 |
        Bailey |    649 |    649 |      0 |    479 |     15 |   1 |  649.0 |
               +--------+--------+--------+--------+--------+-----+--------+

Top non-repeatable levels by time:
     D:5: 1660 daAuts
     D:4: 1410 daAuts
     D:6: 1397 daAuts
     D:1: 1148 daAuts
     D:3: 967 daAuts
     D:2: 788 daAuts
  Bailey: 649 daAuts
     D:7: 356 daAuts
